[ AOE2 MATCH · #504980656 ]
UnrankedHuns vs Georgians
Player's team · LOSS
Rival team · WIN
[ REPLAY ANALYSIS · EXTRACTED FROM THE RECORDED GAME ]
Feudal
8:26
Castle
22:15
Imperial
—
| APM avg | 77.1 |
| APM peak | 124 |
| eAPM avg | 30.7 |
| Villagers / military | 91 / 98 |
Focus
⚔️ 41.7% · 🌾 58.3%
Cavalry Archer ×67 · Archer ×13 · Skirmisher ×9 · Knight ×3 · Mangonel ×2 · Spearman ×2
Feudal
10:31
Castle
23:31
Imperial
—
| APM avg | 54.0 |
| APM peak | 74 |
| eAPM avg | 24.3 |
| Villagers / military | 100 / 76 |
Focus
⚔️ 36.4% · 🌾 63.6%
Skirmisher ×27 · Cavalry Archer ×24 · Archer ×7 · Militia ×5 · Monaspa ×4 · Scout Cavalry ×3
Match map
Initial resources + every placement click. Lines = walls · curves = elevation contours. ◆ gold · ⬟ stone · ● berries · ✦ relic · ◌ wall gap
Your base· Open — opponent sealed themselves in
CNZS_98T's base· ✓ Closed at 23:31 · 41t walls · no gate
Smoothed initial terrain · ◌ = detected wall gap · hover for details
Inputs per minute
— CNZS_MING - - CNZS_98T
Build order — CNZS_MING
First 150 of 296 actions detected
| 0:00 | Create | Villager (Male) |
| 0:00 | Create | Villager (Male) |
| 0:00 | Create | Villager (Male) |
| 0:26 | Create | Villager (Male) |
| 1:23 | Create | Villager (Male) |
| 1:55 | Create | Villager (Male) |
| 2:23 | Create | Villager (Male) |
| 2:23 | Create | Villager (Male) |
| 2:52 | Build | Lumber Camp |
| 2:55 | Create | Villager (Male) |
| 2:55 | Create | Villager (Male) |
| 3:34 | Create | Villager (Male) |
| 3:36 | Create | Villager (Male) |
| 4:51 | Create | Villager (Male) |
| 5:06 | Build | Mill |
| 5:10 | Create | Villager (Male) |
| 5:46 | Research | Loom |
| 6:16 | Research | Feudal Age |
| 6:16 | Research | Feudal Age |
| 6:25 | Build | Palisade Gate |
| 6:28 | Build | Palisade Wall |
| 7:14 | Create | Villager (Male) |
| 7:25 | Build | Barracks |
| 7:45 | Build | Palisade Wall |
| 7:50 | Build | Palisade Wall |
| 8:13 | Create | Villager (Male) |
| 8:26 | Age | Feudal Age |
| 8:27 | Create | Villager (Male) |
| 8:33 | Build | Archery Range |
| 8:48 | Research | Double-Bit Axe |
| 8:56 | Create | Villager (Male) |
| 9:25 | Build | Mining Camp |
| 9:27 | Create | Archer |
| 9:28 | Create | Villager (Male) |
| 9:36 | Build | Palisade Wall |
| 9:39 | Create | Villager (Male) |
| 9:41 | Build | Palisade Wall |
| 9:41 | Build | Palisade Wall |
| 9:44 | Build | Palisade Wall |
| 9:45 | Build | Palisade Wall |
| 9:46 | Build | Palisade Wall |
| 9:49 | Create | Spearman |
| 9:49 | Create | Spearman |
| 9:58 | Build | Palisade Wall |
| 9:59 | Build | Palisade Wall |
| 10:20 | Build | Farm |
| 10:26 | Create | Archer |
| 10:39 | Create | Villager (Male) |
| 10:42 | Build | Farm |
| 10:42 | Build | Farm |
| 10:56 | Create | Archer |
| 10:59 | Create | Villager (Male) |
| 11:17 | Create | Villager (Male) |
| 11:20 | Build | Farm |
| 11:27 | Create | Archer |
| 11:30 | Create | Villager (Male) |
| 11:46 | Create | Villager (Male) |
| 12:05 | Create | Villager (Male) |
| 12:13 | Create | Villager (Male) |
| 12:17 | Build | Blacksmith |
| 12:21 | Create | Archer |
| 12:49 | Create | Villager (Male) |
| 12:54 | Build | Palisade Wall |
| 13:00 | Create | Archer |
| 13:05 | Build | Palisade Wall |
| 13:06 | Build | Palisade Wall |
| 13:14 | Build | Palisade Wall |
| 13:16 | Create | Villager (Male) |
| 13:22 | Create | Archer |
| 13:44 | Create | Villager (Male) |
| 13:57 | Research | Fletching |
| 13:57 | Research | Fletching |
| 14:01 | Create | Villager (Male) |
| 14:13 | Create | Villager (Male) |
| 14:25 | Build | Farm |
| 14:26 | Build | Farm |
| 14:34 | Create | Villager (Male) |
| 14:54 | Build | Farm |
| 14:54 | Create | Archer |
| 15:06 | Build | Palisade Wall |
| 15:10 | Build | Farm |
| 15:21 | Build | Archery Range |
| 15:26 | Build | Palisade Wall |
| 15:31 | Build | Palisade Wall |
| 15:32 | Build | Palisade Wall |
| 15:34 | Create | Villager (Male) |
| 15:37 | Create | Archer |
| 15:45 | Build | Farm |
| 15:55 | Research | Town Watch |
| 15:55 | Research | Town Watch |
| 15:57 | Create | Villager (Male) |
| 15:59 | Build | Farm |
| 16:15 | Create | Archer |
| 16:25 | Create | Villager (Male) |
| 16:32 | Create | Archer |
| 16:47 | Build | Lumber Camp |
| 17:00 | Build | Palisade Wall |
| 17:09 | Create | Villager (Male) |
| 17:12 | Create | Archer |
| 17:24 | Build | Farm |
| 17:34 | Create | Archer |
| 17:35 | Create | Villager (Male) |
| 18:09 | Create | Skirmisher |
| 18:10 | Create | Skirmisher |
| 18:10 | Create | Villager (Male) |
| 18:25 | Build | Palisade Wall |
| 18:26 | Create | Skirmisher |
| 18:27 | Build | Watch Tower |
| 18:30 | Create | Villager (Male) |
| 18:41 | Build | Watch Tower |
| 18:53 | Create | Skirmisher |
| 19:10 | Create | Villager (Male) |
| 19:32 | Research | Castle Age |
| 19:34 | Create | Skirmisher |
| 19:34 | Create | Skirmisher |
| 19:48 | Build | Farm |
| 19:54 | Build | Palisade Gate |
| 20:06 | Create | Skirmisher |
| 20:18 | Create | Skirmisher |
| 20:23 | Build | Stable |
| 20:27 | Create | Skirmisher |
| 20:28 | Research | Padded Archer Armor |
| 20:29 | Research | Padded Archer Armor |
| 20:45 | Create | Villager (Male) |
| 20:45 | Create | Villager (Male) |
| 20:45 | Create | Villager (Male) |
| 21:23 | Build | Farm |
| 21:26 | Create | Villager (Male) |
| 21:30 | Build | Farm |
| 21:31 | Build | Farm |
| 21:37 | Build | Archery Range |
| 21:46 | Build | Palisade Gate |
| 22:15 | Age | Castle Age |
| 22:18 | Build | Palisade Wall |
| 22:19 | Create | Cavalry Archer |
| 22:19 | Create | Cavalry Archer |
| 22:20 | Create | Cavalry Archer |
| 22:35 | Build | Siege Workshop |
| 22:36 | Research | Bodkin Arrow |
| 22:36 | Research | Bodkin Arrow |
| 22:38 | Create | Villager (Male) |
| 22:56 | Create | Knight |
| 22:57 | Create | Villager (Male) |
| 23:08 | Build | Siege Workshop |
| 23:10 | Create | Villager (Male) |
| 23:16 | Create | Knight |
| 23:30 | Create | Cavalry Archer |
| 23:31 | Create | Cavalry Archer |
| 23:31 | Create | Cavalry Archer |
| 23:41 | Create | Villager (Male) |
Build order — CNZS_98T
First 150 of 294 actions detected
| 0:00 | Create | Villager (Male) |
| 0:01 | Create | Villager (Male) |
| 0:01 | Create | Villager (Male) |
| 0:01 | Create | Villager (Male) |
| 0:02 | Build | House |
| 0:04 | Build | House |
| 1:33 | Create | Villager (Male) |
| 1:55 | Create | Villager (Male) |
| 2:25 | Create | Villager (Male) |
| 2:38 | Create | Villager (Male) |
| 2:45 | Build | House |
| 3:05 | Create | Villager (Male) |
| 3:29 | Create | Villager (Male) |
| 3:47 | Build | Barracks |
| 3:54 | Create | Villager (Male) |
| 4:24 | Create | Villager (Male) |
| 4:40 | Create | Militia |
| 4:42 | Build | House |
| 4:54 | Create | Villager (Male) |
| 4:58 | Create | Militia |
| 5:19 | Create | Villager (Male) |
| 5:25 | Create | Militia |
| 5:42 | Create | Villager (Male) |
| 5:54 | Build | Mill |
| 6:07 | Create | Villager (Male) |
| 6:21 | Build | House |
| 6:25 | Build | Palisade Wall |
| 6:26 | Build | Palisade Wall |
| 6:35 | Create | Villager (Male) |
| 7:00 | Create | Villager (Male) |
| 7:29 | Create | Villager (Male) |
| 7:32 | Research | Loom |
| 7:43 | Build | Mule Cart |
| 8:12 | Research | Feudal Age |
| 8:18 | Build | Palisade Wall |
| 8:47 | Build | Mule Cart |
| 8:57 | Create | Militia |
| 9:21 | Create | Militia |
| 9:34 | Build | House |
| 10:01 | Build | Palisade Wall |
| 10:13 | Build | Farm |
| 10:17 | Create | Villager (Male) |
| 10:29 | Build | House |
| 10:31 | Age | Feudal Age |
| 10:35 | Research | Man-at-Arms (upgrade) |
| 10:38 | Create | Spearman |
| 10:39 | Create | Villager (Male) |
| 10:41 | Build | Archery Range |
| 11:05 | Build | Farm |
| 11:07 | Create | Villager (Male) |
| 11:21 | Research | Double-Bit Axe |
| 11:22 | Research | Double-Bit Axe |
| 11:24 | Build | Farm |
| 11:38 | Create | Villager (Male) |
| 11:55 | Create | Villager (Male) |
| 12:06 | Build | House |
| 12:10 | Build | Palisade Wall |
| 12:13 | Create | Archer |
| 12:17 | Create | Villager (Male) |
| 12:20 | Build | Farm |
| 12:22 | Create | Archer |
| 12:33 | Build | Farm |
| 12:42 | Build | Farm |
| 12:43 | Create | Villager (Male) |
| 12:51 | Build | Farm |
| 12:53 | Create | Archer |
| 13:05 | Build | Palisade Wall |
| 13:15 | Create | Villager (Male) |
| 13:27 | Create | Villager (Male) |
| 13:44 | Create | Villager (Male) |
| 13:56 | Create | Skirmisher |
| 14:07 | Create | Archer |
| 14:10 | Create | Villager (Male) |
| 14:17 | Create | Archer |
| 14:18 | Create | Villager (Male) |
| 14:39 | Create | Villager (Male) |
| 14:48 | Create | Skirmisher |
| 14:49 | Create | Villager (Male) |
| 14:51 | Build | Farm |
| 14:54 | Build | Archery Range |
| 14:58 | Create | Skirmisher |
| 15:00 | Build | Blacksmith |
| 15:20 | Create | Skirmisher |
| 15:31 | Research | Horse Collar |
| 15:43 | Build | Palisade Wall |
| 15:47 | Build | Palisade Wall |
| 15:57 | Create | Skirmisher |
| 15:58 | Research | Fletching |
| 16:03 | Create | Skirmisher |
| 16:08 | Build | House |
| 16:20 | Build | Farm |
| 16:24 | Research | Wheelbarrow |
| 16:29 | Build | Farm |
| 16:31 | Create | Skirmisher |
| 16:35 | Build | House |
| 16:42 | Create | Skirmisher |
| 16:48 | Build | House |
| 16:55 | Build | Farm |
| 17:09 | Build | Farm |
| 17:18 | Research | Padded Archer Armor |
| 17:18 | Research | Padded Archer Armor |
| 17:19 | Create | Skirmisher |
| 17:20 | Create | Skirmisher |
| 17:22 | Create | Archer |
| 17:22 | Create | Archer |
| 17:28 | Build | House |
| 17:36 | Build | Farm |
| 18:02 | Create | Villager (Male) |
| 18:10 | Build | Farm |
| 18:25 | Create | Villager (Male) |
| 18:27 | Build | Farm |
| 18:47 | Create | Villager (Male) |
| 19:10 | Create | Villager (Male) |
| 19:32 | Create | Villager (Male) |
| 19:40 | Build | Market |
| 19:42 | Create | Villager (Male) |
| 19:50 | Build | Farm |
| 19:52 | Build | Farm |
| 20:51 | Research | Castle Age |
| 20:56 | Create | Skirmisher |
| 20:56 | Create | Skirmisher |
| 21:12 | Create | Skirmisher |
| 21:44 | Create | Skirmisher |
| 21:44 | Create | Skirmisher |
| 22:02 | Research | Gold Mining |
| 22:20 | Create | Skirmisher |
| 22:20 | Create | Skirmisher |
| 22:25 | Research | Town Watch |
| 23:31 | Age | Castle Age |
| 23:33 | Research | Elite Skirmisher (upgrade) |
| 23:34 | Research | Bodkin Arrow |
| 23:35 | Create | Cavalry Archer |
| 23:37 | Create | Villager (Male) |
| 23:42 | Build | Monastery |
| 23:51 | Build | Monastery |
| 23:57 | Create | Cavalry Archer |
| 24:01 | Create | Villager (Male) |
| 24:10 | Create | Villager (Male) |
| 24:14 | Build | Monastery |
| 24:18 | Create | Villager (Male) |
| 24:26 | Create | Cavalry Archer |
| 24:29 | Create | Monk |
| 24:31 | Research | Bow Saw |
| 24:32 | Create | Villager (Male) |
| 24:43 | Create | Villager (Male) |
| 24:51 | Create | Cavalry Archer |
| 24:56 | Create | Villager (Male) |
| 25:02 | Build | Stable |
| 25:04 | Build | House |
| 25:07 | Build | House |
Match timeline
| 3:47 | CNZS_98T · first_building Barracks |
| 6:25 | CNZS_98T · wall_segment Palisade Wall x6 |
| 6:26 | CNZS_98T · wall_segment Palisade Wall x2 |
| 6:28 | CNZS_MING · wall_segment Palisade Wall x1 |
| 7:25 | CNZS_MING · first_building Barracks |
| 7:45 | CNZS_MING · wall_segment Palisade Wall x1 |
| 7:50 | CNZS_MING · wall_segment Palisade Wall x1 |
| 8:18 | CNZS_98T · wall_segment Palisade Wall x8 |
| 8:26 | CNZS_MING · age_up feudal |
| 8:33 | CNZS_MING · first_building Archery Range |
| 9:36 | CNZS_MING · wall_segment Palisade Wall x1 |
| 9:41 | CNZS_MING · wall_segment Palisade Wall x1 |
| 9:41 | CNZS_MING · wall_segment Palisade Wall x1 |
| 9:44 | CNZS_MING · wall_segment Palisade Wall x1 |
| 9:45 | CNZS_MING · wall_segment Palisade Wall x1 |
| 9:46 | CNZS_MING · wall_segment Palisade Wall x1 |
| 9:58 | CNZS_MING · wall_segment Palisade Wall x1 |
| 9:59 | CNZS_MING · wall_segment Palisade Wall x1 |
| 10:01 | CNZS_98T · wall_segment Palisade Wall x1 |
| 10:31 | CNZS_98T · age_up feudal |
| 10:41 | CNZS_98T · first_building Archery Range |
| 12:10 | CNZS_98T · wall_segment Palisade Wall x1 |
| 12:54 | CNZS_MING · wall_segment Palisade Wall x1 |
| 13:05 | CNZS_98T · wall_segment Palisade Wall x11 |
| 13:05 | CNZS_MING · wall_segment Palisade Wall x4 |
| 13:06 | CNZS_MING · wall_segment Palisade Wall x9 |
| 13:14 | CNZS_MING · wall_segment Palisade Wall x1 |
| 15:06 | CNZS_MING · wall_segment Palisade Wall x4 |
| 15:26 | CNZS_MING · wall_segment Palisade Wall x5 |
| 15:31 | CNZS_MING · wall_segment Palisade Wall x1 |
| 15:32 | CNZS_MING · wall_segment Palisade Wall x1 |
| 15:43 | CNZS_98T · wall_segment Palisade Wall x1 |
| 15:47 | CNZS_98T · wall_segment Palisade Wall x11 |
| 17:00 | CNZS_MING · wall_segment Palisade Wall x1 |
| 18:25 | CNZS_MING · wall_segment Palisade Wall x1 |
| 20:23 | CNZS_MING · first_building Stable |
| 20:41 | CNZS_98T · first_market_buy 100 food |
| 20:42 | CNZS_98T · first_market_sell 100 wood |
| 22:15 | CNZS_MING · age_up castle |
| 22:18 | CNZS_MING · wall_segment Palisade Wall x1 |
| 22:35 | CNZS_MING · first_building Siege Workshop |
| 23:31 | CNZS_98T · age_up castle |
| 23:42 | CNZS_98T · first_building Monastery |
| 25:02 | CNZS_98T · first_building Stable |
| 26:11 | CNZS_98T · first_building Siege Workshop |
| 33:08 | CNZS_MING · first_market_sell 100 wood |
| 33:09 | CNZS_MING · first_market_buy 100 stone |
| 34:58 | CNZS_98T · first_building Castle |
| 35:55 | CNZS_MING · first_building Monastery |
| 37:27 | CNZS_MING · resign |
[ AI ANALYSIS · 1 CREDIT ]
What really happened in this match?
Wolo.gg analyzes every decision: build order, eco, micro, common mistakes by bracket. Personalized analysis on WhatsApp or Discord in 30 seconds.
Civ guide
Huns
Perfil
Ming (CNZS_MING)